 Dungeon Crawl Stone Soup version 0.31.0-9-g3a7656b989 (webtiles) character file.

Game seed: 10673931939906217895

15 qw the Shooter (level 2, -1/16 HPs)
             Began as a Deep Elf Hunter on Feb 2, 2024.
             Succumbed to an adder's poison
             ... on level 2 of the Dungeon.
             The game lasted 00:00:01 (644 turns).

qw the Shooter (Deep Elf Hunter)                     Turns: 644, Time: 00:00:01

Health: -1/16      AC:  6    Str:  5 (8)  XL:     2   Next: 34%
Magic:  4/4        EV:  6    Int: 12 (13) God:
Gold:   81         SH:  0    Dex: 16 (18) Spells: 1/1 levels left

rFire   . . .        a - +0 shortbow
rCold   . . .        (shield currently unavailable)
rNeg    . . .        k - +0 scale mail
rPois   .            (no helmet)
rElec   .            (no cloak)
rCorr   .            (no gloves)
SInv    .            (no boots)
Will    .....        (no amulet) Stlth
                     (no ring)
HPRegen 0.22/turn    (no ring)
MPRegen 0.09/turn

%: no passive effects
@: lethally poisoned (-1 -> -5)
A: no striking features
a: no special abilities


You were on level 2 of the Dungeon.
You visited 1 branch of the dungeon, and saw 2 of its levels.

You collected 81 gold pieces.


   Skills:
 - Level 1.5 Fighting
 + Level 6.2 Ranged Weapons
 - Level 2.4 Dodging
 - Level 1.2 Stealth


You had one spell level left.
You didn't know any spells.
Your spell library was empty.

Inventory:

Hand Weapons
 a - a +0 shortbow (weapon)
Armour
 b - a +0 ring mail
 k - a +0 scale mail (worn)
Potions
 c - a potion of magic {unknown}
 e - a potion of curing

Dungeon Overview and Level Annotations

Branches:
Dungeon (2/15)

Altars:


Message History

What level of the Dungeon? (default 1, ? - help)
There is a stone staircase leading down here.
You climb downwards.
Found 10 gold pieces and a ring mail.
Found a stone staircase leading down.
There is a stone staircase leading up here.
Waypoint 1 assigned to D:2.
You now have 81 gold pieces (gained 10).
b - a +0 ring mail
c - a pink potion
Found a ring mail.
An adder comes into view.
The adder hisses angrily.
The adder moves out of view.
You shoot an arrow. The arrow hits the adder.
The adder is heavily wounded.
The adder bites you but does no damage. The adder completely misses you.
You shoot an arrow. The arrow misses the adder.
The adder bites you but does no damage. The adder bites you.
You are poisoned.
The adder poisons you!
You shoot an arrow. The arrow barely misses the adder.
You feel very sick. The adder bites you but does no damage.
The adder bites you.
You shoot an arrow. The arrow closely misses the adder.
You feel sick. The adder bites you but does no damage. The adder bites you.
You shoot an arrow. The arrow hits the adder.
The adder is severely wounded.
You feel sick. The adder bites you but does no damage. The adder bites you.
You are more poisoned.
The adder poisons you!
You shoot an arrow. The arrow completely misses the adder.
You feel sick. The adder bites you.
You are more poisoned.
The adder poisons you! The adder bites you but does no damage.
You shoot an arrow. The arrow closely misses the adder.
You feel sick. The adder barely misses you.
The adder bites you but does no damage.
You shoot an arrow. The arrow hits the adder!
You kill the adder!
You die...

##.#####.###.#..#.#
##.#####........#.#
##.......###......#
########## ####.###
.# #.# ## #.### #
## #...# ....
#...###.# ####
#^...%@.# #
#...##### . ## .


There were no monsters in sight!

Vanquished Creatures
  An adder (D:2)
  3 endoplasms (D:1)
  4 goblins (D:1)
  A jackal (D:1)
  2 kobolds (D:1)
  A quokka (D:1)
  A bat (D:1)
  A rat (D:1)
14 creatures vanquished.

Notes
Turn   | Place    | Note
-------+----------+-------------------------------------------
     0 | D:1      | qw the Deep Elf Hunter began the quest for the Orb.
     0 | D:1      | Reached XP level 1. HP: 12/12 MP: 3/3
     0 | D:1      | 0 ||| qw: Version: 0.3-a-155-g5e7d8dd
     0 | D:1      | 0 ||| qw: Game counter: 1757
     0 | D:1      | 0 ||| qw: Melee chars always use a shield: true
     0 | D:1      | 0 ||| qw: God list: Okawaru
     0 | D:1      | 0 ||| qw: Allow faded altars: false
     0 | D:1      | 0 ||| qw: Do Orc after clearing Dungeon:15 true
     0 | D:1      | 0 ||| qw: Do second Lair branch before Depths: true
     0 | D:1      | 0 ||| qw: Lair rune preference: random
     0 | D:1      | 0 ||| qw: Goals: Normal
     0 | D:1      | 0 ||| PLANNING D:1-11
    97 | D:1      | Reached skill level 6 in Ranged Weapons
    97 | D:1      | Reached XP level 2. HP: 13/16 MP: 4/4
   535 | D:1      | 535 ||| UPGRADING to +0 scale mail.
   545 | D:1      | 545 ||| DROPPING +0 leather armour.
   546 | D:1      | 546 ||| READING 3 scrolls labelled OWKIXA BUTEE.
   546 | D:1      | 546 ||| IDENTIFYING blue potion
   547 | D:1      | 547 ||| READING 2 scrolls of identify.
   547 | D:1      | 547 ||| IDENTIFYING lumpy coppery potion
   548 | D:1      | 548 ||| READING scroll of identify.
   548 | D:1      | 548 ||| IDENTIFYING fizzy white potion
   549 | D:1      | 549 ||| READING scroll labelled HAB KAPLUT.
   550 | D:1      | 550 ||| READING scroll labelled FIUVYRCH FIGIG.
   551 | D:1      | 551 ||| DRINKING 2 glowing sapphire potions.
   552 | D:1      | 552 ||| DROPPING scroll of butterflies.
   553 | D:1      | 553 ||| DROPPING potion of invisibility.
   554 | D:1      | 554 ||| DROPPING potion of lignification.
   555 | D:1      | 555 ||| DROPPING potion of degeneration.
   642 | D:2      | HP: 4/16 [poisoned by an adder]
   643 | D:2      | HP: 1/16 [poisoned by an adder]
   644 | D:2      | Succumbed to an adder's poison

Levels and vault maps discovered:
D:1:      heliophobic_arrival_battle_scene, layout_rooms, minmay_pentomino_r4
D:2:      layout_loops_cross

Skill      XL: |  1 |
---------------+----+-----
Ranged Weapons | 6 |  6.2
Fighting       | |  1.5
Dodging        | |  2.4
Stealth        | |  1.2

Action                     || total
---------------------------++-------
   Fire: Shortbow          ||    31
    Use: Scroll            ||     5
         Potion            ||     1
 Armour: Leather armour    ||     3
         Scale mail        ||    12
  Dodge: Dodged            ||     3

Table legend:
 A = Non-vault XP
 B = Vault XP
 C = Vault XP percentage of total XP
 D = Non-vault monster count
 E = Vault monster count
 F = Vault count percentage of total count
                 A         B        C        D         E       F
            +---------+---------+-------+---------+---------+-------
      Total |      31 |       5 |  13.9 |      11 |       3 |  21.4
            +---------+---------+-------+---------+---------+-------
        D:1 |      17 |       5 |  22.7 |      10 |       3 |  23.1
        D:2 |      14 |       0 |   0.0 |       1 |       0 |   0.0
            +---------+---------+-------+---------+---------+-------
